 Dungeon Crawl Stone Soup version 0.18.0-2-g198d6d4 (webtiles) character file.

69 dvd the Stinger (level 4, 0/27 HPs)
             Began as an Octopode Venom Mage on May 5, 2016.
             Succumbed to an adder's poison
             ... on level 2 of the Dungeon.
             The game lasted 00:03:32 (1135 turns).

dvd the Stinger (Octopode Venom Mage)               Turns: 1135, Time: 00:03:33

Health: 0/27       AC:  1    Str:  8    XL:     4   Next: 20%
Magic:  4/7        EV: 12    Int: 17    God:
Gold:   25         SH:  5    Dex: 12    Spells: 2 memorised, 3 levels left

rFire  . . .     SeeInvis .     (no weapon)
rCold  . . .     Gourm    .     (no shield)
rNeg   . . .     Faith    .     (helmet restricted)
rPois  .         Spirit   .     l - +5 amulet of reflection
rElec  .         Dismiss  .     h - ring of flight
rCorr  .         Reflect  +     (no ring)
SustAt .         Harm     .     (no ring)
MR     .....                    (no ring)
Stlth  +++.......               (no ring)
                                (no ring)
                                (no ring)
                                (no ring)

@: lethally poisoned (0 -> -4), exhausted, very slightly contaminated, slowed,
invisible, very slow, not resistant to hostile enchantments, fairly stealthy
A: almost no armour, amphibious, 8 rings, constrict 8, camouflage 1, gelatinous
body 1
a: Evoke Flight


You were on level 2 of the Dungeon.
You were hungry.

You visited 1 branch of the dungeon, and saw 2 of its levels.

You collected 25 gold pieces.

Inventory:

Hand Weapons
 e - a +1 vampiric dagger
Jewellery
 h - a ring of flight (left tentacle)
 l - a +5 amulet of reflection (around mantle)
Scrolls
 k - a scroll of enchant weapon {unknown}
Books
 a - a Young Poisoner's Handbook

   Spells                             Type                      Level
   a - Sting                          Conjuration/Poison           1
   b - Cure Poison                    Poison                       2
   c - Mephitic Cloud                 Conjuration/Poison/Air       3
   d - Olgreb's Toxic Radiance        Poison                       4
   e - Venom Bolt                     Conjuration/Poison           5
Comestibles
 b - a bread ration
 d - a beef jerky
 f - a royal jelly
 g - 2 meat rations
 n - 3 chunks of flesh


   Skills:
 + Level 0.2 Fighting
 + Level 2.2 Dodging
 + Level 2.9 Stealth
 + Level 0.2 Unarmed Combat
 + Level 2.3 Spellcasting
 + Level 0.4 Conjurations
 + Level 6.1 Poison Magic


You had 3 spell levels left.
You knew the following spells:

 Your Spells              Type           Power        Failure   Level  Hunger
a - Sting                 Conj/Pois      ##..         6%          1    #......
b - Mephitic Cloud        Conj/Pois/Air  #.......     24%         3    ###....


Dungeon Overview and Level Annotations

Branches:
Dungeon (2/15)

Altars:

Annotations:
D:2 Natasha


Innate Abilities, Weirdness & Mutations

You cannot wear most types of armour.
You are amphibious.
You can wear up to eight rings at the same time.
You can use your tentacles to constrict eight enemies at once.
Your skin changes colour to match your surroundings (Stealth).
Your rubbery body absorbs attacks (AC +1).


Message History

Drink which item? (? for menu, Esc to quit)
It was a potion of invisibility.
You fade into invisibility!
* * * LOW HITPOINT WARNING * * *
You feel sick.
Read which item? (? for menu, Esc to quit)
As you read the scroll labeled OMMOHI VIESIN, it crumbles to dust.
You feel blessed for a moment.
It was a scroll of remove curse.
* * * LOW HITPOINT WARNING * * *
You feel sick.
Read which item? (? for menu, Esc to quit)
As you read the scroll labeled TOG PAZEEFO, it crumbles to dust.
It is a scroll of recharging.
You aren't carrying any rechargeable items.
* * * LOW HITPOINT WARNING * * *
You feel sick.
Memorise Cure Poison, consuming 2 spell levels and leaving 1?
You start memorising the spell.
You continue memorising.
Your memorisation is interrupted.
You die...

#. ##.#.# ##.##
#.# #####.#.#
###.... #.#
#.....#.#
...../.#### #.#
#.#####.#
#.......# #.# #.#
#.# ......###†#
#.# #.# #.# #####
#.# #.# #.# #.#
#.###.###.# #.#
#.#
#.....@...#####.#
#.#
#####...........#
#############


There were no monsters in sight!

Vanquished Creatures
  Natasha (D:2)
  2 adders (D:2)
  An ooze (D:2)
  3 bats (D:1)
  3 goblins (D:1)
  A hobgoblin (D:2)
  A quokka (D:2)
  A giant newt (D:1)
  A kobold (D:1)
  13 rats (D:1)
27 creatures vanquished.

Notes
Turn   | Place    | Note
--------------------------------------------------------------
     0 | D:1      | dvd the Octopode Venom Mage began the quest for the Orb.
     0 | D:1      | Reached XP level 1. HP: 11/11 MP: 3/3
    16 | D:1      | Reached skill level 5 in Poison Magic
   125 | D:1      | Reached XP level 2. HP: 17/17 MP: 0/5
   967 | D:2      | Noticed Natasha
   975 | D:2      | Killed Natasha
   975 | D:2      | Reached XP level 3. HP: 18/21 MP: 0/6
  1050 | D:2      | Learned a level 3 spell: Mephitic Cloud
  1059 | D:2      | Reached skill level 6 in Poison Magic
  1106 | D:2      | Noticed Natasha
  1116 | D:2      | Reached XP level 4. HP: 25/27 MP: 7/7
  1133 | D:2      | HP: 1/27 [poisoned by an adder]
  1135 | D:2      | Succumbed to an adder's poison

Skill      XL: |  1  2  3 |
---------------+----------+-----
Poison Magic   | 5 6 |  6.1
Fighting       | |  0.2
Dodging        | |  2.2
Stealth        | |  2.9
Unarmed Combat | |  0.2
Spellcasting   | |  2.3
Conjurations   | |  0.4

Action                   |  1- 3 |  4- 6 || total
-------------------------+-------+-------++-------
Melee: Unarmed           |    37 |     5 ||    42
       Constrict         |     9 |     1 ||    10
       Tentacles         |     3 |       ||     3
 Cast: Sting             |    27 |     3 ||    30
  Use: Scroll            |       |     2 ||     2
       Potion            |       |     2 ||     2
 Stab: Sleeping          |     1 |       ||     1
  Eat: Chunk             |     1 |       ||     1
Armor: Skin              |     3 |       ||     3
Dodge: Dodged            |    16 |     3 ||    19
Block: Other             |     2 |     1 ||     3
